 Dungeon Crawl Stone Soup version 0.19-a0-1292-g796ee4d (webtiles) character file.

100 jacquesderrida the Poker (level 4, -2/21 HPs)
             Began as a Vine Stalker Wanderer on Aug 30, 2016.
             Slain by Pikel
             ... wielding a +2 whip of freezing
              (3 damage)
             ... on level 4 of the Dungeon.
             The game lasted 00:02:17 (524 turns).

jacquesderrida the Poker (Vine Stalker Wanderer)     Turns: 524, Time: 00:02:18

Health: -2/21      AC:  8    Str: 14    XL:     4   Next: 73%
Magic:  0/5        EV:  9    Int: 12    God:
Gold:   29         SH:  0    Dex: 15    Spells: 0 memorised, 3 levels left

rFire  . . .     SeeInvis .     h - +0 spear
rCold  . . .     Gourm    .     a - +2 scale mail
rNeg   . . .     Faith    .     (no shield)
rPois  .         Spirit   +     (no helmet)
rElec  .         Dismiss  .     (no cloak)
rCorr  .         Reflect  .     (no gloves)
MR     .....     Harm     .     (no boots)
Stlth  ..........               (no amulet)
                                (no ring)
                                (no ring)

@: exhausted, slowed, very slow
A: fangs 2, regeneration 1, magic shield, antimagic bite, no device heal 3, rot
immunity
a: no special abilities


You were on level 4 of the Dungeon.
You were not hungry.

You visited 1 branch of the dungeon, and saw 4 of its levels.

You collected 29 gold pieces.

Inventory:

Hand Weapons
 c - a +0 dagger
 h - a +0 spear (weapon)
Armour
 a - a +2 scale mail (worn)
 l - a +0 leather armour
Scrolls
 b - 2 scrolls of teleportation
 g - a scroll of amnesia {unknown}
 i - a scroll of blinking {unknown}
Potions
 j - a potion of resistance {unknown}
Comestibles
 d - a bread ration
 f - a royal jelly
 k - a meat ration


   Skills:
 + Level 0.3 Fighting
   Level 2.6 Long Blades
 - Level 3.7 Polearms
 - Level 1.0 Throwing
 + Level 2.4 Armour
 - Level 1.5 Dodging
 - Level 1.2 Stealth


You had 3 spell levels left.
You didn't know any spells.

Dungeon Overview and Level Annotations

Branches:
Dungeon (4/15)
 Temple: D:4-7

Altars:

Shops:
D:4 }

Annotations:
D:4 Pikel


Innate Abilities, Weirdness & Mutations

You have extremely sharp teeth.
Your natural rate of healing is unusually fast.
When hurt, damage is shared between your health and your magic reserves.
Your bite disrupts and absorbs the magic of your enemies.
Potions and wands cannot restore your health.
You are immune to rotting.


Message History

You barely miss Pikel. Your bite misses Pikel. The slave hits you.
The slave misses you. Pikel barely misses you.
The slave hits you but does no damage.
You hit Pikel but do no damage. The slave hits you but does no damage.
Pikel closely misses you. The slave barely misses you. x2
Pikel hits you but does no damage.
You hit Pikel but do no damage. Your bite misses Pikel.
The slave hits you but does no damage. x2; Pikel completely misses you.
You closely miss Pikel. The slave hits you.
The slave hits you but does no damage. Pikel hits you with a whip of freezing.
Pikel freezes you. The slave hits you but does no damage.
You hit Pikel. Your bite misses Pikel.
Pikel is lightly wounded.
The slave closely misses you. Pikel hits you but does no damage.
The slave hits you.
* * * LOW HITPOINT WARNING * * *
The slave closely misses you. Pikel hits you with a whip of freezing.
* * * LOW HITPOINT WARNING * * *
Pikel freezes you.
You die...

##.....# #.....#
#####..#####.....## # #
#....#..........####### ####.#
#
#.#....##.............##).....
# #....####.................#
#
##..†.....................####
#
#.....###............#p.....#
# #.....#
#.....p†.....#p####.# #
#.....# #....@p........p....#
####....##
#.....K.....#...K....p
..##....#
#...........#....$#.##
..#######
#...........#......... ..#
#############.<.∩.∩## ..#
#......# ..# #...∩.∩# ..#
#.....## ..#


You could see Pikel and 2 slaves.

Vanquished Creatures
  2 slaves (D:4)
  A giant frog (D:4)
  2 adders (D:4)
  A giant gecko (D:4)
  3 bats
  2 giant cockroaches
  2 hobgoblins (D:1)
  4 jackals
  A quokka (D:2)
  A giant gecko skeleton (D:4)
  A giant newt (D:2)
20 creatures vanquished.

Notes
Turn   | Place    | Note
-------+----------+-------------------------------------------
     0 | D:1      | jacquesderrida the Vine Stalker Wanderer began the quest for the Orb.
     0 | D:1      | jacquesderrida set off with: a +2 scale mail, 2 scrolls of teleportation, a +0 dagger, a bread ration
     0 | D:1      | Reached XP level 1. HP: 9/9 MP: 2/2
    62 | D:1      | Reached skill level 1 in Polearms
    81 | D:1      | Reached XP level 2. HP: 13/13 MP: 3/3
   220 | D:4      | Noticed a giant frog
   227 | D:4      | Killed a giant frog
   227 | D:4      | Reached skill level 3 in Polearms
   227 | D:4      | Reached XP level 3. HP: 14/16 MP: 4/4
   227 | D:4      | Gained mutation: Your natural rate of healing is unusually fast. [Vine Stalker growth]
   227 | D:4      | Reached XP level 4. HP: 18/21 MP: 5/5
   491 | D:4      | Found Susho's Gadget Shoppe.
   491 | D:4      | Noticed a slave
   492 | D:4      | Noticed a slave
   492 | D:4      | Noticed a slave
   493 | D:4      | Noticed Pikel
   495 | D:4      | Noticed a slave
   511 | D:4      | Killed a slave
   516 | D:4      | Killed a slave
   524 | D:4      | HP: 1/21 [Pikel/whip of freezing (3)]
   524 | D:4      | Slain by Pikel

Vault maps used:
D:1:      dpeg_arrival_stone_temple_mockup
D:3:      first_bread, uniq_sigmund
D:4:      serial_shops, nicolae_shop_competitors_out_of_business,
          gup_sewer_entry_spiral, serial_bayou_lagoon_a, uniq_pikel

Skill      XL: |  1  2 |
---------------+-------+-----
Polearms       | 1 3 |  3.7
Fighting       | |  0.3
Long Blades    | |  2.6
Throwing       | |  1.0
Armour         | |  2.4
Dodging        | |  1.5
Stealth        | |  1.2

Action                   |  1- 3 |  4- 6 || total
-------------------------+-------+-------++-------
Melee: Spear             |    53 |    57 ||   110
       Bite              |    13 |    11 ||    24
  Use: Potion            |       |     2 ||     2
Armor: Scale mail        |    24 |    30 ||    54
Dodge: Dodged            |    36 |    39 ||    75
